 Dungeon Crawl Stone Soup version 0.31-a0-1071-gaead2f62b1 (webtiles) character file.

Game seed: 15340144507934167121

92222 whatisthis the Warrior (level 15, -12/156 HPs)
             Began as a Pale Draconian Berserker on Nov 25, 2023.
             Was a High Priest of Trog.
             Killed from afar by a black draconian knight (30 damage)
             ... with a bolt of lightning
             ... on level 2 of the Abyss.
             The game lasted 02:40:23 (27167 turns).

whatisthis the Warrior (Pale Draconian Berserker)  Turns: 27167, Time: 02:40:24

Health: -12/156    AC: 18    Str: 30    XL:     15   Next: 57%
Magic:  15/15      EV: 12    Int: 10    God:    Trog [*****.]
Gold:   1498       SH:  6    Dex: 16    Spells: 14/14 levels left

rFire   + + .        V - +5 morningstar of Mens Rea {speed, rC++ Str+4 Int+3 Stlth-}
rCold   + + +        i - +0 buckler
rNeg    . . .        (body armour unavailable)
rPois   +            (helmet restricted)
rElec   .            j - +2 cloak
rCorr   .            Y - +2 pair of gloves {Stlth+}
SInv    +            I - +2 pair of boots
Will    +++..        X - amulet of regeneration
Stlth   +            Q - ring of poison resistance
HPRegen 2.26/turn    T - ring of Ximoq {rF++ rC+ Str-2 Dex+6 SInv}
MPRegen 0.14/turn

%: no passive effects
@: short of breath, strong-willed, regenerating
A: breathe steam, AC +9, unfitting armour, cold-blooded, steam resistance
a: Breathe Steam, Renounce Religion, Berserk, Trog's Hand, Brothers in Arms


You were on level 2 of the Abyss.
You worshipped Trog.
Trog was extremely pleased with you.
You visited 3 branches of the dungeon, and saw 21 of its levels.
You visited the Abyss 1 time.
You also visited: Bailey and Gauntlet.

You collected 2208 gold pieces.
You spent 710 gold pieces at shops.

Inventory:

Hand Weapons
 E - a +2 morningstar of protection
 H - a +4 great mace
 V - the +5 morningstar of Mens Rea (weapon) {speed, rC++ Str+4 Int+3 Stlth-}
   (You took it off an orc knight on level 11 of the Dungeon)

   Str+4:     It affects your strength (+4).
   Int+3:     It affects your intelligence (+3).
   rC++:      It greatly protects you from cold.
   Stlth-:    It makes you less stealthy.
Missiles
 b - 2 curare-tipped darts
 d - 33 stones (quivered)
 m - 3 silver javelins
 G - 10 boomerangs
 N - 41 poisoned darts
 O - 2 throwing nets
 Z - 8 javelins
Armour
 i - a +0 buckler (worn)
 j - a +2 cloak (worn)
 I - a +2 pair of boots (worn)
 Y - a +2 pair of gloves of stealth (worn)
Jewellery
 C - a ring of willpower
 Q - a ring of poison resistance (left hand)
 T - the ring of Ximoq (right hand) {rF++ rC+ Str-2 Dex+6 SInv}
   (You found it on level 12 of the Dungeon)

   [ring of dexterity]

   Str-2:     It affects your strength (-2).
   Dex+6:     It affects your dexterity (+6).
   rF++:      It greatly protects you from fire.
   rC+:       It protects you from cold.
   SInv:      It lets you see invisible.
 X - an amulet of regeneration (around neck)
Wands
 p - a wand of paralysis (9)
 B - a wand of mindburst (7)
 F - a wand of quicksilver (12)
 K - a wand of flame (68)
 L - a wand of iceblast (27)
 R - a wand of digging (10)
Scrolls
 a - 4 scrolls of blinking
 c - 16 scrolls of teleportation
 e - 2 scrolls of amnesia {unknown}
 g - 3 scrolls of vulnerability
 k - 6 scrolls of fear
 n - 5 scrolls of butterflies
 o - 6 scrolls of fog
 r - 3 scrolls of poison
 u - 5 scrolls of immolation
 w - 5 scrolls of revelation
 y - 3 scrolls of enchant weapon
 z - a scroll of silence {unknown}
Potions
 f - 3 potions of might
 h - a potion of haste
 l - 3 potions of enlightenment
 q - a potion of ambrosia
 s - 2 potions of resistance
 t - 3 potions of degeneration {unknown}
 v - 3 potions of mutation
 x - 3 potions of cancellation
 A - 7 potions of heal wounds
 D - 7 potions of curing
 J - a potion of invisibility {unknown}
 M - 2 potions of berserk rage
 P - 5 potions of lignification
 S - a potion of experience {unknown}


   Skills:
 + Level 20.4 Fighting
 - Level 16.0 Maces & Flails
 + Level 11.5 Throwing
 - Level 2.6 Dodging
 - Level 7.0 Shields


You had 14 spell levels left.
You didn't know any spells.
Your spell library was empty.

Dungeon Overview and Level Annotations

Branches:
Dungeon (15/15)            Temple (1/1) D:5            Lair (5/5) D:9
 Shoals (0/4) Lair:2       Spider (0/4) Lair:2        Slime (0/5) Lair:4
    Orc (0/2) D:10         Vaults (0/5) D:14         Depths (0/4) D:15
 Bailey (visited)         Gauntlet (visited)

Altars:
Ashenzari
Cheibriados
Dithmenos
Elyvilon
Fedhas
Gozag
Hepliaklqana
Kikubaaqudgha
Makhleb
Nemelex Xobeh
Okawaru
Qazlal
Ru
Sif Muna
Trog
Uskayaw
Vehumet
Wu Jian
Xom
Yredelemnul
Zin
The Shining One
Jiyva

Shops:
D:4 =   D:7 *   D:13 *   D:14 [

Annotations:
D:2 1 runed translucent door, Crazy Yiuf
D:12 exclusion: downstairs
D:13 exclusions: Sonja and downstairs
Lair:4 2 runed translucent doors, Ahar's ghost, journeyman HONe


Innate Abilities, Weirdness & Mutations

You can breathe blasts of scalding, opaque steam.
Your pale cyan-grey scales are hard. (AC +9)
You cannot fit into any form of body armour.
You are cold-blooded and may be slowed by cold attacks.
You are immune to the effects of steam.


Message History

You barely miss the black draconian knight.
Your tail-slap misses the black draconian knight.
The black draconian knight is heavily wounded.
The black draconian knight casts a spell at you.
The shard of ice hits you!! You partially resist.
You impale the black draconian knight!!
Your tail-slap misses the black draconian knight.
The black draconian knight is severely wounded.
The black draconian knight hits you with a +3 war axe!
You miss the black draconian knight.
The black draconian knight is severely wounded.
You hit the black draconian knight but do no damage.
Your tail-slap misses the black draconian knight.
The black draconian knight is severely wounded.
The black draconian knight breathes lightning at you.
The bolt of lightning hits you!!
* * * LOW HITPOINT WARNING * * *
Unknown command.
Your two-headed ogre goes berserk!
You block the black draconian knight's attack.
You feel much better.
The black draconian knight barely misses you.
The black draconian knight gestures at you while chanting.
The shard of ice hits you!! You partially resist.
* * * LOW HITPOINT WARNING * * *
You swap places.
The black draconian knight gestures at you while chanting.
The shard of ice hits your two-headed ogre!!
Your skin crawls.
You feel strong-willed.
The black draconian knight barely misses your two-headed ogre.
The black draconian knight hits your two-headed ogre with a +3 war axe!!
The black draconian knight closely misses your two-headed ogre.
The black draconian knight hits you with a +3 war axe!
* * * LOW HITPOINT WARNING * * *
The black draconian knight hits your two-headed ogre with a +3 war axe!
An iron imp comes into view.
The black draconian knight breathes lightning at you.
The bolt of lightning hits you!!
You die...

. .5. # . # #
.. .## #. #. ..
# .# ## .#.#.
#.. #.... .....
##### # ## #
#..###..#..##
..#. ##
#qO....##.# #.
# # ##@......#
.##.. .
#.#..#.#.###.#.
. #
#.###..###.. ..
# #....#.#
..#..#.#. ##
#.## . ...#.
#..#..
.#.#.#.... .
####..#
....#... ... #
##. .. ...#..
## .# . . ..


You could see a black draconian knight (fast, invisible, catching breath), an
iron imp and a friendly two-headed ogre (summoned, berserk).

Vanquished Creatures
  An ironbound thunderhulk (D:14)
  A minotaur (Gauntlet)
  Azrael (D:14)
  Snorg (Lair:5)
  Josephine (D:15)
  A fire dragon (Lair:5)
  A quicksilver dragon zombie (D:15)
  A vault guard (D:14)
  4 hydras
  Harold (D:11)
  An ice dragon (Lair:5)
  An anaconda (Lair:5)
  3 centaur warriors
  A death knight (D:15)
  2 death yaks
  8 two-headed ogres
  5 boulder beetles
  Urug (D:12)
  Sonja (D:13)
  Nergalle (Lair:1)
  2 skeletal warriors (D:15)
  A storm dragon skeleton (D:15)
  A swamp dragon (Lair:5)
  A flayed ghost (D:15)
  2 lindwurms (Lair:5)
  An arcanist (D:15)
  A necromancer (D:15)
  An orc sorcerer (D:14)
  4 orc knights
  3 deep elf pyromancers
  3 ugly things
  A manticore (shapeshifter) (D:9)
  9 cyclopes
  3 manticores
  5 black mambas
  21 elephants
  6 torpor snails (Lair:5)
  7 cane toads
  4 gargoyles
  2 unseen horrors
  3 freezing wraiths
  9 komodo dragons
  2 kobold demonologists
  8 rime drakes
  A queen bee (Lair:2)
  2 efreet
  2 tengu conjurers (D:15)
  A polar bear (Lair:1)
  A meliai (Lair:2)
  6 hornets (Lair:5)
  4 trolls
  3 tyrant leeches (Lair:5)
  9 blink frogs
  6 dream sheep
  A spriggan skeleton (D:15)
  4 slime creatures
  A water elemental (D:15)
  8 wraiths
  4 wyverns
  4 centaur simulacra (Gauntlet)
  2 vampires
  4 basilisks
  2 shadows
  A human (D:14)
  54 yaks
  6 steam dragons
  3 fire elementals
  8 fire bats (Lair:2)
  A redback (shapeshifter) (D:9)
  12 vampire mosquitoes
  A warg (D:14)
  2 acid dragons
  3 hell hounds (D:14)
  Duvessa (D:7)
  11 orc warriors
  15 water moccasins
  2 swamp drakes (Lair:5)
  A sky beast (D:7)
  7 ice beasts
  4 ogres
  A boggart (Gauntlet)
  2 large abominations (Gauntlet)
  12 wolves (Lair:1)
  9 centaurs
  4 phantoms
  16 bullfrogs
  6 kobold brigands
  5 small abominations (Gauntlet)
  A gnoll sergeant (D:7)
  6 scorpions
  5 wights
  Dowan (D:7)
  A hornet simulacrum (Gauntlet)
  31 killer bees
  5 howler monkeys
  2 electric eels
  2 lava snakes (Lair:2)
  7 hounds
  3 gnoll boudas
  10 orc priests
  4 jellies
  7 iguanas
  A sleepcap (D:4)
  17 orc wizards
  6 adders
  18 gnolls
  5 shadow imps
  2 white imps
  A howler monkey simulacrum (D:9)
  2 worms
  6 dart slugs
  34 orcs
  3 bats
  5 endoplasms
  4 giant cockroaches
  2 goblins (D:4)
  6 hobgoblins
  5 jackals (D:3)
  19 kobolds
  8 quokkas
  8 ball pythons
  3 frilled lizards
  3 rats
632 creatures vanquished.

Vanquished Creatures (collateral kills)
  A worldbinder (Gauntlet)
1 creature vanquished.

Grand Total: 633 creatures vanquished

Notes
Turn   | Place    | Note
-------+----------+-------------------------------------------
     0 | D:1      | whatisthis the Draconian Berserker began the quest for the
                  | Orb.
     0 | D:1      | Reached XP level 1. HP: 19/19 MP: 1/1
   534 | D:1      | Reached XP level 2. HP: 26/26 MP: 2/2
   949 | D:2      | Reached skill level 4 in Fighting
   949 | D:2      | Reached XP level 3. HP: 33/33 MP: 3/3
  1151 | D:2      | Found a stormy altar of Qazlal.
  1175 | D:2      | Reached XP level 4. HP: 41/41 MP: 4/4
  1469 | D:2      | Found a runed translucent door.
  1470 | D:2      | Noticed Crazy Yiuf
  1588 | D:3      | Reached ** piety under Trog
  1864 | D:3      | Reached skill level 5 in Fighting
  1864 | D:3      | Reached XP level 5. HP: 47/48 MP: 5/5
  2140 | D:3      | Reached skill level 5 in Maces & Flails
  2140 | D:3      | Reached XP level 6. HP: 51/57 MP: 6/6
  2579 | D:4      | Reached skill level 6 in Fighting
  2674 | D:4      | Found Letsajan's Jewellery Shoppe.
  2962 | D:4      | Reached *** piety under Trog
  3445 | D:5      | Entered Level 5 of the Dungeon
  3639 | D:5      | Noticed an ice beast
  3833 | D:5      | Killed an ice beast
  3834 | D:5      | Your scales start taking on a pale cyan-grey colour.
  3834 | D:5      | Reached XP level 7. HP: 64/64 MP: 7/7
  3834 | D:5      | Gained mutation: You are immune to the effects of steam.
                  | [Pale Draconian growth]
  3990 | D:5      | Reached skill level 7 in Fighting
  4287 | D:5      | Found a burning altar of Makhleb.
  4438 | D:5      | Found a basalt altar of Yredelemnul.
  4507 | D:5      | Found a shadowy altar of Dithmenos.
  4655 | D:5      | Found a staircase to the Ecumenical Temple.
  4664 | Temple   | Entered the Ecumenical Temple
  4730 | D:5      | Reached XP level 8. HP: 57/74 MP: 8/8
  4796 | D:6      | Found a transporter.
  4799 | D:6      | Noticed a kobold demonologist
  4827 | D:6      | Reached skill level 8 in Fighting
  4862 | D:6      | Found a transporter.
  5159 | D:6      | Reached skill level 9 in Fighting
  5267 | D:6      | Reached **** piety under Trog
  5453 | D:6      | Reached XP level 9. HP: 85/85 MP: 9/9
  5762 | D:7      | Reached skill level 10 in Fighting
  6110 | D:7      | Noticed a two-headed ogre
  6115 | D:7      | Killed a two-headed ogre
  6116 | D:7      | Reached skill level 11 in Fighting
  6116 | D:7      | Reached skill level 10 in Maces & Flails
  6585 | D:7      | Reached XP level 10. HP: 74/96 MP: 10/10
  6664 | D:7      | Noticed Duvessa
  6672 | D:7      | Killed Duvessa
  6675 | D:7      | Noticed Dowan
  6687 | D:7      | Killed Dowan
  6900 | D:7      | Found Ocavong's General Store.
  7043 | D:7      | Identified the +0 dagger "Demonslayer" {freeze, rElec Will-
                  | Str+2 Int+3}
  7229 | D:8      | Reached skill level 12 in Fighting
  7246 | D:7      | Reached skill level 1 in Shields
  7559 | D:8      | Noticed a boulder beetle
  7597 | D:8      | Killed a boulder beetle
  7907 | D:8      | Noticed a two-headed ogre
  7928 | D:8      | Killed a two-headed ogre
  8123 | D:9      | Noticed a two-headed ogre
  8156 | D:9      | Found a staircase to the Lair.
  8352 | D:9      | Killed a two-headed ogre
  8353 | D:9      | Reached skill level 13 in Fighting
  8353 | D:9      | Reached XP level 11. HP: 106/107 MP: 11/11
  8607 | D:9      | Identified the +5 mace "Ultimatum" {drain, Str+3}
  8620 | D:9      | Reached skill level 5 in Shields
  8634 | D:9      | Noticed a deep elf pyromancer
  9187 | D:9      | Killed a deep elf pyromancer
  9525 | D:9      | Noticed a purple ugly thing
  9562 | D:8      | Killed a purple ugly thing
  9962 | D:9      | Noticed an entropy weaver
  9962 | D:9      | Noticed an eight-headed hydra
 10141 | Lair:1   | Entered Level 1 of the Lair of Beasts
 10591 | Lair:1   | Reached skill level 14 in Fighting
 10723 | Lair:1   | Noticed Nergalle
 10733 | Lair:1   | Killed Nergalle
 10753 | Lair:1   | Reached XP level 12. HP: 109/118 MP: 12/12
 11600 | Lair:2   | Reached skill level 15 in Fighting
 11848 | Lair:2   | Found a frozen archway.
 12267 | Lair:2   | Reached ***** piety under Trog
 12562 | Lair:2   | Reached skill level 16 in Fighting
 12639 | Lair:2   | Reached skill level 1 in Throwing
 12645 | Lair:2   | Identified the +10 hand axe "Mafusus" {pain, Fragile rC+
                  | Int+3 Stlth+}
 12732 | Lair:2   | Found a hole to the Spider Nest.
 12756 | Lair:2   | Found a staircase to the Shoals.
 13326 | Lair:3   | Received a gift from Trog
 13490 | Lair:3   | Noticed a six-headed hydra
 13509 | Lair:3   | Killed a six-headed hydra
 14005 | Lair:3   | Reached XP level 13. HP: 129/129 MP: 13/13
 14050 | Lair:4   | Reached skill level 15 in Maces & Flails
 14057 | Lair:4   | Found a dark tunnel.
 15215 | Lair:4   | Identified the +8 trident of Bihal {flame, rF+ Str+3
                  | Stlth+}
 15449 | Lair:4   | Found a runed translucent door.
 15449 | Lair:4   | Found a viscous altar of Jiyva.
 15450 | Lair:4   | Noticed an acid blob
 15451 | Lair:4   | Found a staircase to the Slime Pits.
 15451 | Lair:4   | Noticed an acid blob
 15506 | Lair:4   | Found a runed translucent door.
 15511 | Lair:4   | Noticed Ahar's ghost (journeyman HONe)
 15815 | D:10     | Entered Level 10 of the Dungeon
 15865 | D:10     | Found a staircase to the Orcish Mines.
 15898 | D:10     | Found a flagged portal.
 16000 | Bailey   | Entered a bailey
 16340 | Bailey   | Found a large runed translucent door.
 16340 | Bailey   | Found a large runed translucent door.
 16414 | Bailey   | Reached skill level 17 in Fighting
 16853 | D:10     | Found a shimmering blue altar of Sif Muna.
 17069 | D:10     | Found a glowing silver altar of Zin.
 17230 | D:11     | Reached skill level 5 in Throwing
 18014 | D:11     | Identified the +5 morningstar of Mens Rea {speed, rC++
                  | Str+4 Int+3 Stlth-}
 18435 | D:11     | Reached XP level 14. HP: 140/140 MP: 14/14
 18711 | D:11     | Found a blossoming altar of Fedhas.
 18744 | D:11     | Noticed Harold
 18753 | D:11     | Killed Harold
 19405 | D:12     | Found a gate leading to a gauntlet.
 19417 | Gauntlet | Entered a Gauntlet
 19417 | Gauntlet | Found a transporter.
 19417 | Gauntlet | Found a transporter.
 19417 | Gauntlet | Found a transporter.
 19420 | Gauntlet | Found a transporter.
 19421 | Gauntlet | Found a transporter.
 19424 | Gauntlet | Found a transporter.
 19433 | Gauntlet | Found a transporter.
 19434 | Gauntlet | Found a transporter.
 19435 | Gauntlet | Found a transporter.
 19436 | Gauntlet | Found a transporter.
 19443 | Gauntlet | Found a transporter.
 19444 | Gauntlet | Found a transporter.
 19634 | Gauntlet | Reached skill level 18 in Fighting
 19705 | Gauntlet | Identified the +0 pair of gloves of Aptykhleq {Str+4}
 19794 | Gauntlet | Identified the staff of Coin Ese {*Slow rPois rN+ Will+
                  | Poison}
 19853 | D:12     | Upgraded the game from 0.31-a0-986-g5e6e4ef867 to
                  | 0.31-a0-1071-gaead2f62b1
 19889 | D:12     | Noticed Urug
 19900 | D:12     | Killed Urug
 20008 | D:12     | Identified the ring of Ximoq {rF++ rC+ Str-2 Dex+6 SInv}
 21088 | D:13     | Noticed Sonja
 21254 | D:13     | Found Faitrekh's General Store.
 21262 | D:13     | Bought a scroll of identify for 30 gold pieces
 21262 | D:13     | Bought a potion of haste for 150 gold pieces
 21499 | D:13     | Killed Sonja
 21790 | D:14     | Found a radiant altar of Vehumet.
 22242 | D:14     | Found Vuek's Antique Armour Shop.
 22250 | D:14     | Bought a runed cloak for 270 gold pieces
 22490 | D:14     | Noticed Azrael
 22496 | D:14     | Killed Azrael
 22502 | D:14     | Noticed an ironbound thunderhulk
 22658 | D:15     | Entered Level 15 of the Dungeon
 23043 | D:9      | Reached skill level 19 in Fighting
 23296 | Lair:5   | Entered Level 5 of the Lair of Beasts
 23296 | Lair:5   | Noticed Snorg
 23963 | Lair:5   | Killed Snorg
 24348 | Lair:5   | Found a runed translucent door.
 24353 | Lair:5   | Reached ****** piety under Trog
 24373 | Lair:5   | Reached XP level 15. HP: 152/152 MP: 15/15
 24450 | Lair:5   | Reached skill level 10 in Throwing
 25468 | Lair:2   | Received a gift from Trog
 25740 | D:4      | Bought a ring of poison resistance for 260 gold pieces
 26151 | D:14     | Reached skill level 20 in Fighting
 26181 | D:14     | Found a gate to the Vaults.
 26575 | D:15     | Found a staircase to the Depths.
 26860 | D:15     | Noticed Josephine
 26873 | D:15     | Killed Josephine
 27097 | Abyss:2  | Cast into level 2 of the Abyss (an occultist)
 27109 | Abyss:2  | Found a corrupted altar of Lugonu.
 27148 | Abyss:2  | Noticed a black draconian knight
 27167 | Abyss:2  | Killed from afar by a black draconian knight

Illustrated notes

Levels and vault maps discovered:
D:1:      erik_arrival_blinker_ship, layout_basic
D:2:      layout_loops_cross, basic_altar, uniq_crazy_yiuf_cottage
D:3:      layout_loops_ring
D:4:      layout_cave_pods, serial_shops, nicolae_square_shop
D:5:      layout_loops_ring, mainiacjoe_overflow_brackets,
          mainiacjoe_overflow_alcove_1, kennysheep_mini, temple_hall
D:6:      gammafunk_wand_slinger, layout_cave_pools, minmay_joined_circles
D:7:      minmay_the_grid_square_5x5_3x3 [minmay_the_grid_square_5x5_minivault,
          minmay_the_grid_square_5x5_detours,
          minmay_the_grid_square_5x5_three_small,
          minmay_the_grid_square_5x5_eight_small,
          minmay_the_grid_square_5x5_megaprize_hollow,
          minmay_the_grid_square_5x5_percent,
          minmay_the_grid_square_5x5_trominoes,
          minmay_the_grid_square_5x5_sharp_hourglass,
          minmay_the_grid_square_5x5_inner_z], layout_loops_ring, serial_shops,
          nicolae_shop_back_alley_shop, st_stairs_5, dk_rats_in_the_wall,
          uniq_duvessa
D:8:      layout_rooms
D:9:      layout_small_grid, lair_entry_dummy, nicolae_rejected_hall
D:10:     layout_basic, zin_scriptorium, mainiacjoe_overflow_chevrons,
          orc_0_dummy, enter_bailey_8
D:11:     hangedman_cross_cluster, layout_layer_cave, uniq_harold
D:12:     layout_layer_cave, gauntlet_entry_generic, glass_columns_c, uniq_urug
D:13:     layout_rooms, serial_shops, shop, uniq_sonja
D:14:     layout_small_grid, hellmonk_vaults_keyhole, serial_shops, shop,
          nicolae_vehumet_radiance, uniq_azrael
D:15:     gammafunk_depths_entry_grave, layout_basic, minmay_misc_feat_cross,
          uniq_josephine, uniq_nessos
Temple:   minmay_temple_bridge_d
Lair:1:   layout_cave_pods, grunt_megastairs_5, uniq_nergalle
Lair:2:   layout_gridlike, elwin_shoals_entry_rocks,
          hellmonk_spider_entry_not_the_bees, portal_ice_cave_entry_pillars_2,
          special_room [special_room_bee], nicolae_lair_grove_arrangements,
          st_stairs_12
Lair:3:   layout_layer_cave
Lair:4:   layout_regular_city, slime_entry_2, nicolae_volcano_entry_lava_flow,
          ebering_ghost_reflecting_pool
Lair:5:   wormcave, layout_long_grid, guppyfry_lair_end_dragon,
          serial_bayou_pond_c, chequers_serial_rivers_small_3,
          hellmonk_talismancer, uniq_snorg
Abyss:2:  base: D:14, base:
D:2

Skill      XL: |  1  2  3  4  5  6  7  8  9 10 11 12 13 14 15 |
---------------+----------------------------------------------+-----
Fighting       | 4 5 6 7 9 11 13 14 16 17 19 20 | 20.4
Maces & Flails | 4 5 6 7 8 10 12 13 14 16 | 16.0
Shields        | 4 7 |  7.0
Throwing       | 2 6 9 11 | 11.5
Dodging        | |  2.6

Action                     |  1- 3 |  4- 6 |  7- 9 | 10-12 | 13-15 || total
---------------------------+-------+-------+-------+-------+-------++-------
  Melee: Mace              |    79 |   191 |    13 |   432 |    89 ||   804
         Tailslap          |     8 |    31 |    18 |   108 |   221 ||   386
         Punch             |       |     1 |     2 |       |       ||     3
         Morningstar       |       |       |   157 |   140 |  1007 ||  1304
  Throw: Stone             |       |    12 |    41 |    19 |   161 ||   233
         Dart              |       |       |       |     2 |    19 ||    21
 Invoke: Berserk           |     2 |     2 |     2 |     2 |     1 ||     9
         Brothers in Arms  |       |       |       |     3 |     4 ||     7
         Trog's Hand       |       |       |       |     1 |     1 ||     2
Ability: Breathe Steam     |       |       |    23 |    47 |    95 ||   165
  Evoke: Wand              |       |       |       |     3 |     8 ||    11
    Use: Scroll            |       |       |    15 |     8 |    11 ||    34
         Potion            |       |       |       |       |     2 ||     2
   Stab: Sleeping          |     1 |     1 |       |       |       ||     2
         Distracted        |       |       |       |       |     1 ||     1
 Armour: Skin              |    29 |   115 |   108 |   330 |   534 ||  1116
  Dodge: Dodged            |    55 |   107 |    92 |   263 |   316 ||   833
  Block: Buckler           |       |       |       |   118 |   196 ||   314

Table legend: (Time is in decaauts)
 A = Elapsed time spent in this place.
 B = Non-inter-level travel time spent in this place.
 C = Inter-level travel time spent in this place.
 D = Time resting spent in this place.
 E = Time spent auto-exploring this place.
 F = Levels seen in this place.
 G = Mean time per level.
                   A        B        C        D        E       F      G
               +--------+--------+--------+--------+--------+-----+--------+
         Total |  26802 |  24638 |   2164 |   4701 |   7739 |  24 | 1116.8 |
       Dungeon |  18216 |  16788 |   1428 |   3155 |   6149 |  15 | 1214.4 |
        Temple |      1 |      1 |      0 |      0 |      0 |   1 |    1.0 |
          Lair |   7672 |   6936 |    736 |   1346 |   1576 |   5 | 1534.4 |
         Abyss |     65 |     65 |      0 |      0 |      0 |   1 |   65.0 |
        Bailey |    463 |    463 |      0 |    169 |      0 |   1 |  463.0 |
      Gauntlet |    381 |    381 |      0 |     31 |     14 |   1 |  381.0 |
               +--------+--------+--------+--------+--------+-----+--------+

Top non-repeatable levels by time:
     D:9: 2357 daAuts
    D:11: 2139 daAuts
  Lair:5: 1766 daAuts
  Lair:4: 1588 daAuts
  Lair:1: 1538 daAuts
  Lair:3: 1501 daAuts
    D:12: 1387 daAuts
     D:7: 1367 daAuts
     D:4: 1311 daAuts
  Lair:2: 1277 daAuts
     D:6: 1227 daAuts
     D:8: 1216 daAuts
    D:14: 1104 daAuts
     D:5: 1099 daAuts
     D:3: 948 daAuts
